 Dungeon Crawl Stone Soup version 0.29.0-4-gdea44cf6ec (webtiles) character file.

Game seed: 2396014606293011497

85422 qw the Severer (level 15, 0/103 HPs)
             Began as a Gargoyle Berserker on Sept 4, 2022.
             Was a High Priest of Trog.
             Slain by an orc warrior
             ... wielding a +0 battleaxe
              (16 damage)
             ... on level 2 of the Orcish Mines.
             The game lasted 00:10:39 (28803 turns).

qw the Severer (Gargoyle Berserker)                Turns: 28803, Time: 00:10:40

Health: 0/103      AC: 52    Str: 25    XL:     15   Next: 83%
Magic:  15/15      EV:  8    Int:  9    God:    Trog [*****.]
Gold:   841        SH: 15    Dex: 12    Spells: 14/14 levels left

rFire   . . .      SeeInvis +   o - +7 war axe of Loav {protect, *Noise rElec Dex+2}
rCold   + . .      Faith    .   B - +0 kite shield
rNeg    + + .      Spirit   .   i - +2 plate armour {rC+}
rPois   inf        Reflect  +   q - +2 helmet
rElec   +          Harm     .   k - +2 ratskin cloak {*Rats rPois rN+ Str-1 Int-1 Dex+1}
rCorr   .          Rampage  .   t - +0 pair of gloves
Will    +....                   w - +1 pair of boots
Stlth   ..........              b - amulet of reflection
HPRegen 0.27/turn               s - ring of see invisible
MPRegen 0.14/turn               r - +4 ring of protection

@: about to teleport, under a protective aura, on berserk cooldown, flying,
slowed, very slow
A: sickness immunity, AC +11, big wings, negative energy resistance 1,
electricity resistance, torment resistance 1, petrification resistance, hooves
1, wild magic 1, MP-powered wands
a: Renounce Religion, Berserk, Trog's Hand, Brothers in Arms


You were on level 2 of the Orcish Mines.
You worshipped Trog.
Trog was extremely pleased with you.
You visited 3 branches of the dungeon, and saw 22 of its levels.

You collected 1860 gold pieces.
You spent 1019 gold pieces at shops.


Innate Abilities, Weirdness & Mutations

You are immune to sickness and miasma.
Your stone body is resilient. (AC +11)
You are immune to poison.
Your large and strong wings let you fly.
You resist negative energy. (rN+)
You are resistant to electric shocks. (rElec)
You are resistant to unholy torment.
You are immune to petrification.
You have large cloven feet.
Your spells are a little harder to cast, but a little more powerful.
You expend magic power (3 MP) to strengthen your wands.


   Skills:
 - Level 15.0 Fighting
 - Level 16.0 Axes
 - Level 6.0 Throwing
 - Level 14.0 Armour
 - Level 5.1 Dodging
 + Level 9.3 Shields


You had 14 spell levels left.
You didn't know any spells.
Your spell library was empty.

Inventory:

Hand Weapons
 o - the +7 war axe of Loav (weapon) {protect, *Noise rElec Dex+2}
   (You found it on level 8 of the Dungeon)

   It grants its wielder temporary protection when it strikes (+7 to AC).
   Dex:       It affects your dexterity (+2).
   rElec:     It insulates you from electricity.
   *Noise:    It may make noises in combat.
 u - a +0 hand axe of flaming
Missiles
 c - 12 boomerangs
 v - 2 javelins (quivered)
Armour
 i - a +2 plate armour of cold resistance (worn)
 k - the +2 ratskin cloak (worn) {*Rats rPois rN+ Str-1 Int-1 Dex+1}
   (You found it on level 6 of the Dungeon)

   When the wearer is hurt, rats may emerge from it to assist them.
   Str:       It affects your strength (-1).
   Int:       It affects your intelligence (-1).
   Dex:       It affects your dexterity (+1).
   rPois:     It protects you from poison.
   rN:        It protects you from negative energy.
 q - a +2 helmet (worn)
 t - a +0 pair of gloves (worn)
 w - a +1 pair of boots (worn)
 y - the +3 crown of Dyrovepreva {rElec Int+2 SInv}
   (You found it on level 5 of the Lair of Beasts)

   Int:       It affects your intelligence (+2).
   rElec:     It insulates you from electricity.
   SInv:      It lets you see invisible.
 A - a +2 cloak of poison resistance
 B - a +0 kite shield (worn)
 C - a +3 chain mail of fire resistance
Jewellery
 b - an amulet of reflection (around neck)
 n - a ring of fire
 r - a +4 ring of protection (right hand)
 s - a ring of see invisible (left hand)
 z - a +4 ring of protection
Scrolls
 a - 8 scrolls of identify
 g - 10 scrolls of teleportation
 x - 4 scrolls of brand weapon
Potions
 e - 3 potions of resistance
 f - 2 potions of haste
 h - 6 potions of mutation
 j - 6 potions of might
 l - 12 potions of curing
 m - 2 potions of cancellation

Dungeon Overview and Level Annotations

Branches:
Dungeon (15/15)            Temple (0/1) D:7            Lair (5/5) D:10
 Shoals (0/4) Lair:2        Snake (0/4) Lair:3        Slime (0/5) Lair:4
    Orc (2/2) D:12         Vaults (0/5) D:14         Depths (0/4) D:15
    Elf: Orc:2

Altars:
Nemelex Xobeh
Xom
Lugonu

Shops:
D:3 =   D:15 *:[

Portals:
Abyss: Lair:5

Annotations:
D:3 1 runed translucent door, Crazy Yiuf
D:6 3 runed translucent doors, qw's ghost, novice FoCA
Lair:4 1 runed translucent door


Message History

The gnoll hits you from afar with a +0 halberd.
You block the gnoll's attack.
28801 ||| READING 11 scrolls of teleportation.
As you read the scroll of teleportation, it crumbles to dust.
You feel strangely unstable.
The orc knight hits you but does no damage.
You block the gnoll's attack. x2
The orc priest hits you but does no damage.
You block the orc wizard's attack.
The orc warlord roars a battlecry!
The orcs go into a battle-frenzy!
You completely miss the orc knight.
You hear a very strange noise.
The orc knight is severely wounded.
You hit the orc warrior. You slash the orc warlord! You slash the orc priest!
You kill the orc priest!
Trog accepts your kill.
You slash the orc priest! You closely miss the orc wizard.
You hear a shout! x2
The gnoll barely misses you.
The gnoll hits you from afar with a +0 halberd.
A hell rat scurries out from under your cloak.
The orc wizard hits you but does no damage.
The orc warrior hits you but does no damage.
The orc warrior hits your hell rat with a +0 battleaxe!
Your hell rat dies!
The orc knight hits you but does no damage.
You hit the orc knight.
The orc knight is severely wounded.
You slice the orc warlord!! You barely miss the orc wizard.
You slash the orc warrior! You slash the orc priest!
You kill the orc priest!
Trog accepts your kill. You block the gnoll's attack.
The orc wizard hits you but does no damage.
You block the orc warrior's attack. You block the gnoll's attack.
An orc priest comes into view. It is wielding a +0 club.
You block the orc knight's attack.
The orc warrior hits you with a +0 battleaxe!
You die...

.. ..........
.#.##$........
..#...#.........
...#..........(..
......#..........
.................
........o)og.....
..#.....)@o......
........)o)g.....
........))).....#
......o<##......#
.....#.## .......
......o .......
....... .......
.....o. .......
#.....# #######


You could see an orc warlord (strong), 2 orc knights, an orc warrior (strong),
an orc priest (strong), 2 orc wizards and 2 gnolls.

Vanquished Creatures
  Gastronok (D:12)
  An orc warlord (Orc:1)
  A stone giant (D:15)
  An ettin (Orc:1)
  Fannar (Lair:2)
  4 hydras
  A catoblepas (D:13)
  An ogre mage (D:14)
  4 centaur warriors
  3 boulder beetles
  6 death yaks (Lair:5)
  A tengu warrior (D:14)
  5 two-headed ogres
  2 thrashing horrors (Lair:5)
  A skeletal warrior (D:13)
  A lindwurm (Lair:5)
  A wizard (D:14)
  An orc knight (Orc:1)
  15 ugly things
  3 deep elf pyromancers
  4 manticores
  4 cyclopes
  2 orc sorcerers (Orc:1)
  Maurice (D:13)
  6 elephants (Lair:5)
  A merfolk siren (Lair:2)
  6 black mambas
  A smoke demon (Lair:5)
  A torpor snail (Lair:3)
  13 cane toads
  2 gargoyles
  An unseen horror (D:11)
  2 large abominations (Lair:5)
  A freezing wraith (D:12)
  A komodo dragon (shapeshifter) (D:15)
  A kobold demonologist (D:13)
  3 efreet
  9 komodo dragons
  3 tengu conjurers
  2 rime drakes
  2 ancient zymes (Lair:5)
  6 meliai (D:14)
  A polar bear (Lair:3)
  4 trolls
  2 tarantellas (shapeshifter)
  32 blink frogs
  6 slime creatures (D:13)
  Grinder (D:3)
  5 dream sheep (Lair:5)
  2 hornets
  Sigmund (D:6)
  2 wraiths
  A ynoxinul (Lair:5)
  A spriggan (Lair:5)
  5 shadows
  A vampire (D:14)
  5 basilisks
  48 yaks
  4 wyverns
  2 chaos spawn (Lair:5)
  2 steam dragons
  A warg (Orc:1)
  2 nagas (Lair:3)
  15 water moccasins
  22 orc warriors
  2 floating eyes (shapeshifter)
  An ice beast (D:8)
  A sky beast (D:6)
  4 black bears
  6 ogres
  7 wolves
  10 centaurs
  2 phantoms (D:5)
  6 kobold brigands
  11 bullfrogs
  A gnoll sergeant (D:12)
  2 scorpions
  3 necrophages
  8 small abominations (Lair:5)
  9 wights
  9 killer bees
  3 electric eels
  2 howler monkeys
  14 orc priests
  2 hounds
  2 jellies
  3 gnoll boudas
  2 iguanas
  21 orc wizards
  13 hell rats
  Robin (D:3)
  12 gnolls
  7 adders
  36 river rats
  14 white imps
  An ufetubus (D:6)
  A worm (D:2)
  A dart slug (D:2)
  89 orcs
  5 ball pythons
  2 endoplasms
  8 giant cockroaches
  16 goblins
  12 hobgoblins
  7 jackals
  17 kobolds
  9 quokkas
  5 bats
  4 frilled lizards
  15 rats
697 creatures vanquished.

Vanquished Creatures (collateral kills)
  4 hydras
  A komodo dragon (Lair:5)
  An efreet (D:13)
  A blink frog (Lair:2)
  A yak (D:9)
  2 nagas (Lair:3)
  A water moccasin (Lair:3)
  2 wights (D:8)
13 creatures vanquished.

Vanquished Creatures (others)
  9 bushes (D:14)
  15 fungi
  47 plants
71 creatures vanquished.

Grand Total: 781 creatures vanquished

Notes
Turn   | Place    | Note
-------+----------+-------------------------------------------
     0 | D:1      | qw the Gargoyle Berserker began the quest for the Orb.
     0 | D:1      | Reached XP level 1. HP: 14/14 MP: 1/1
     0 | D:1      | 0 ||| qw: Version: 0.1-a-103-gd6f5d3a
     0 | D:1      | 0 ||| qw: Game counter: 5631
     0 | D:1      | 0 ||| qw: Always use a shield: true
     0 | D:1      | 0 ||| qw: Do Orc after D:15 true
     0 | D:1      | 0 ||| qw: Do second Lair branch before Depths: true
     0 | D:1      | 0 ||| qw: Lair rune preference: random
     0 | D:1      | 0 ||| qw: Plans: Normal
     0 | D:1      | 0 ||| PLANNING D:1-11
    65 | D:1      | Reached skill level 3 in Axes
   354 | D:1      | Reached XP level 2. HP: 19/19 MP: 2/2
   513 | D:1      | 513 ||| DROPPING +0 club.
   610 | D:1      | Found a faded altar of an unknown god.
   640 | D:1      | 640 ||| Stepping ~*~*~tactically~*~*~ (stealth).
   666 | D:1      | 666 ||| INVOKING Berserk.
   791 | D:1      | 791 ||| Stepping ~*~*~tactically~*~*~ (stealth).
  1117 | D:1      | 1117 ||| UPGRADING to +0 ring mail.
  1127 | D:1      | 1127 ||| DROPPING +0 animal skin.
  1128 | D:1      | 1128 ||| READING 2 scrolls labelled UTIOMEXZICEJ.
  1129 | D:1      | 1129 ||| READING scroll labelled PIC USHREON.
  1134 | D:1      | 1134 ||| READING scroll labelled TOSORI MACVAPT.
  1135 | D:1      | 1135 ||| READING scroll labelled LUFASA TUASM.
  1136 | D:1      | 1136 ||| DRINKING 2 golden potions.
  1173 | D:2      | Identified the +10 spear of Cobwebs {venom, Int+4 Dex+4}
  1228 | D:2      | Reached XP level 3. HP: 19/23 MP: 3/3
  1304 | D:2      | Reached skill level 4 in Axes
  1339 | D:2      | 1339 ||| FLEEEEING.
  1340 | D:2      | 1340 ||| FLEEEEING.
  1345 | D:2      | 1345 ||| FLEEEEING.
  1346 | D:2      | 1346 ||| FLEEEEING.
  1347 | D:2      | 1347 ||| FLEEEEING.
  1348 | D:2      | 1348 ||| FLEEEEING.
  1440 | D:2      | 1440 ||| INVOKING Berserk.
  1566 | D:2      | 1566 ||| Stepping ~*~*~tactically~*~*~ (stealth).
  1593 | D:2      | Reached XP level 4. HP: 21/28 MP: 4/4
  1817 | D:2      | Reached ** piety under Trog
  2300 | D:2      | 2300 ||| DRINKING 2 black potions.
  2300 | D:2      | Gained mutation: You expend magic power (3 MP) to
                  | strengthen your wands. [potion of mutation]
  2300 | D:2      | Gained mutation: You have large cloven feet. [potion of
                  | mutation]
  2300 | D:2      | Gained mutation: Your spells are a little harder to cast,
                  | but a little more powerful. [potion of mutation]
  2301 | D:2      | 2301 ||| READING 3 scrolls of identify.
  2301 | D:2      | 2301 ||| IDENTIFYING fuming puce potion
  2302 | D:2      | 2302 ||| READING 2 scrolls of identify.
  2302 | D:2      | 2302 ||| IDENTIFYING fizzy dark potion
  2303 | D:2      | 2303 ||| DROPPING potion of lignification.
  2374 | D:3      | Noticed a scorpion
  2387 | D:3      | Killed a scorpion
  2388 | D:3      | Reached skill level 5 in Axes
  2388 | D:3      | Reached XP level 5. HP: 27/32 MP: 5/5
  2456 | D:3      | Noticed Grinder
  2457 | D:3      | 2457 ||| Stepping ~*~*~tactically~*~*~ (hiding).
  2458 | D:3      | 2458 ||| Stepping ~*~*~tactically~*~*~ (hiding).
  2459 | D:3      | 2459 ||| INVOKING Trog's Hand.
  2460 | D:3      | 2460 ||| INVOKING Berserk.
  2467 | D:3      | Killed Grinder
  2468 | D:3      | Reached XP level 6. HP: 40/40 MP: 6/6
  2604 | D:3      | 2604 ||| Stepping ~*~*~tactically~*~*~ (stealth).
  2608 | D:3      | 2608 ||| Stepping ~*~*~tactically~*~*~ (stealth).
  2612 | D:3      | 2612 ||| Stepping ~*~*~tactically~*~*~ (stealth).
  2616 | D:3      | 2616 ||| Stepping ~*~*~tactically~*~*~ (stealth).
  2669 | D:3      | 2669 ||| Stepping ~*~*~tactically~*~*~ (stealth).
  2762 | D:3      | Found Puqexe's Jewellery Emporium.
  2790 | D:3      | 2790 ||| SHOPLISTING +4 ring of protection (504 gold, have
                  | 58).
  2790 | D:3      | 2790 ||| SHOPLISTING ring of Fedhas's Scorn {Will- Int+5
                  | Dex+4 SInv} (513 gold, have 58).
  2790 | D:3      | 2790 ||| SHOPLISTING ring of fire (350 gold, have 58).
  2790 | D:3      | 2790 ||| SHOPLISTING ring of protection from fire (350
                  | gold, have 58).
  2790 | D:3      | 2790 ||| SHOPLISTING ring of the Archfiend {rC+ rCorr Str+2
                  | Dex-2} (526 gold, have 58).
  2976 | D:3      | Noticed Robin
  2977 | D:3      | 2977 ||| Stepping ~*~*~tactically~*~*~ (hiding).
  2981 | D:3      | 2981 ||| INVOKING Berserk.
  2983 | D:3      | Killed Robin
  3344 | D:3      | Found a runed translucent door.
  3345 | D:3      | Noticed Crazy Yiuf
  3348 | D:3      | 3348 ||| UPGRADING to +0 chain mail.
  3358 | D:3      | 3358 ||| DROPPING +0 ring mail.
  3359 | D:3      | 3359 ||| UPGRADING to +0 helmet.
  3364 | D:3      | 3364 ||| UPGRADING to amulet of reflection.
  3369 | D:3      | 3369 ||| READING scroll labelled OHOELU LOFFUEC.
  3370 | D:3      | 3370 ||| READING scroll labelled SOJ FUOREGIAS.
  3371 | D:3      | 3371 ||| DRINKING 2 emerald potions.
  3372 | D:3      | 3372 ||| DRINKING 2 bubbling puce potions.
  3373 | D:3      | 3373 ||| READING 3 scrolls of identify.
  3373 | D:3      | 3373 ||| IDENTIFYING white potion
  3374 | D:3      | 3374 ||| READING 2 scrolls of identify.
  3374 | D:3      | 3374 ||| IDENTIFYING inky potion
  3375 | D:3      | 3375 ||| DROPPING potion of berserk rage.
  3376 | D:3      | 3376 ||| DROPPING potion of degeneration.
  3429 | D:4      | 3429 ||| Stepping ~*~*~tactically~*~*~ (stealth).
  3432 | D:4      | 3432 ||| Stepping ~*~*~tactically~*~*~ (stealth).
  3433 | D:4      | 3433 ||| Stepping ~*~*~tactically~*~*~ (stealth).
  3450 | D:4      | 3450 ||| FLEEEEING.
  3451 | D:4      | 3451 ||| FLEEEEING.
  3463 | D:4      | 3463 ||| INVOKING Berserk.
  3620 | D:4      | 3620 ||| Stepping ~*~*~tactically~*~*~ (stealth).
  3634 | D:4      | Reached skill level 6 in Axes
  3634 | D:4      | Reached XP level 7. HP: 35/44 MP: 7/7
  3952 | D:4      | Reached *** piety under Trog
  4093 | D:4      | 4093 ||| READING scroll labelled IROR CE LOTUVI.
  4094 | D:4      | 4094 ||| READING 2 scrolls of identify.
  4094 | D:4      | 4094 ||| IDENTIFYING murky sapphire potion
  4095 | D:4      | 4095 ||| DROPPING potion of brilliance.
  4115 | D:5      | Entered Level 5 of the Dungeon
  4116 | D:5      | 4116 ||| STAIRDANCE
  4121 | D:5      | 4121 ||| STAIRDANCE
  4132 | D:5      | 4132 ||| STAIRDANCE
  4144 | D:4      | Reached skill level 3 in Armour
  4336 | D:5      | 4336 ||| SWAPPING to +0 hand axe of electrocution.
  4337 | D:5      | 4337 ||| DROPPING +0 hand axe of freezing.
  4541 | D:5      | Reached skill level 7 in Axes
  4664 | D:5      | Reached skill level 1 in Throwing
  4664 | D:5      | Reached XP level 8. HP: 50/50 MP: 8/8
  4861 | D:5      | 4861 ||| Stepping ~*~*~tactically~*~*~ (stealth).
  4866 | D:5      | 4866 ||| INVOKING Berserk.
  5140 | D:5      | 5140 ||| UPGRADING to +0 plate armour.
  5150 | D:5      | 5150 ||| DROPPING +0 chain mail.
  5151 | D:5      | 5151 ||| DROPPING amulet of guardian spirit.
  5152 | D:5      | 5152 ||| UPGRADING to ring of see invisible.
  5153 | D:5      | 5153 ||| READING scroll labelled VYLAUG VOAMICA.
  5197 | D:6      | 5197 ||| PLANNING SEWER
  5236 | D:6      | 5236 ||| Stepping ~*~*~tactically~*~*~ (stealth).
  5238 | D:6      | 5238 ||| Stepping ~*~*~tactically~*~*~ (hiding).
  5240 | D:6      | 5240 ||| Stepping ~*~*~tactically~*~*~ (hiding).
  5241 | D:6      | 5241 ||| Stepping ~*~*~tactically~*~*~ (hiding).
  5253 | D:6      | 5253 ||| Stepping ~*~*~tactically~*~*~ (stealth).
  5256 | D:6      | 5256 ||| Stepping ~*~*~tactically~*~*~ (stealth).
  5369 | D:6      | Found a runed translucent gate.
  5369 | D:6      | Found a runed translucent gate.
  5373 | D:6      | 5373 ||| Stepping ~*~*~tactically~*~*~ (stealth).
  5374 | D:6      | Noticed qw's ghost (novice FoCA)
  5376 | D:6      | 5376 ||| Stepping ~*~*~tactically~*~*~ (stealth).
  5395 | D:6      | 5395 ||| Stepping ~*~*~tactically~*~*~ (stealth).
  5396 | D:6      | 5396 ||| Stepping ~*~*~tactically~*~*~ (stealth).
  5398 | D:6      | 5398 ||| Stepping ~*~*~tactically~*~*~ (hiding).
  5401 | D:6      | 5401 ||| INVOKING Berserk.
  5408 | D:6      | Reached skill level 8 in Axes
  5415 | D:6      | 5415 ||| Stepping ~*~*~tactically~*~*~ (stealth).
  5416 | D:6      | 5416 ||| Stepping ~*~*~tactically~*~*~ (stealth).
  5425 | D:6      | HP: 9/50 [gnoll bouda/+0 club (6)]
  5426 | D:6      | 5426 ||| READING scroll of teleportation.
  5427 | D:6      | 5427 ||| DRINKING potion of heal wounds.
  5568 | D:6      | Found a runed translucent gate.
  5589 | D:6      | 5589 ||| Stepping ~*~*~tactically~*~*~ (hiding).
  5595 | D:6      | Reached skill level 6 in Fighting
  5596 | D:6      | 5596 ||| INVOKING Berserk.
  5620 | D:6      | 5620 ||| Stepping ~*~*~tactically~*~*~ (stealth).
  5840 | D:6      | 5840 ||| RIP SEWER
  5844 | D:6      | 5844 ||| PLANNING D:1-11
  5860 | D:6      | Reached XP level 9. HP: 46/55 MP: 9/9
  5863 | D:6      | 5863 ||| Stepping ~*~*~tactically~*~*~ (stealth).
  5864 | D:6      | 5864 ||| Stepping ~*~*~tactically~*~*~ (stealth).
  5865 | D:6      | 5865 ||| Stepping ~*~*~tactically~*~*~ (stealth).
  5914 | D:6      | 5914 ||| Stepping ~*~*~tactically~*~*~ (stealth).
  6073 | D:6      | 6073 ||| Stepping ~*~*~tactically~*~*~ (stealth).
  6099 | D:6      | 6099 ||| Stepping ~*~*~tactically~*~*~ (hiding).
  6124 | D:6      | Reached skill level 9 in Axes
  6169 | D:6      | Noticed Sigmund
  6170 | D:6      | 6170 ||| INVOKING Berserk.
  6175 | D:6      | Killed Sigmund
  6468 | D:6      | 6468 ||| INVOKING Berserk.
  6484 | D:6      | 6484 ||| Stepping ~*~*~tactically~*~*~ (stealth).
  6492 | D:6      | 6492 ||| Stepping ~*~*~tactically~*~*~ (stealth).
  6494 | D:6      | 6494 ||| Stepping ~*~*~tactically~*~*~ (stealth).
  6495 | D:6      | 6495 ||| Stepping ~*~*~tactically~*~*~ (stealth).
  6496 | D:6      | 6496 ||| FLEEEEING.
  6498 | D:6      | 6498 ||| FLEEEEING.
  6499 | D:6      | 6499 ||| FLEEEEING.
  6500 | D:6      | 6500 ||| FLEEEEING.
  6501 | D:6      | 6501 ||| FLEEEEING.
  6502 | D:6      | 6502 ||| FLEEEEING.
  6503 | D:6      | 6503 ||| STAIRDANCE
  6605 | D:5      | 6605 ||| READING 2 scrolls labelled EXAURA KAGESCH.
  6606 | D:5      | 6606 ||| READING scroll of enchant weapon.
  6606 | D:5      | 6606 ||| ENCHANTING +1 hand axe of electrocution.
  6712 | D:6      | 6712 ||| Stepping ~*~*~tactically~*~*~ (stealth).
  6718 | D:6      | 6718 ||| Stepping ~*~*~tactically~*~*~ (stealth).
  6726 | D:6      | Reached **** piety under Trog
  6732 | D:6      | 6732 ||| Stepping ~*~*~tactically~*~*~ (stealth).
  6741 | D:6      | 6741 ||| FLEEEEING.
  6747 | D:6      | 6747 ||| FLEEEEING.
  6748 | D:6      | 6748 ||| FLEEEEING.
  6749 | D:6      | 6749 ||| FLEEEEING.
  6750 | D:6      | 6750 ||| FLEEEEING.
  6751 | D:6      | 6751 ||| FLEEEEING.
  6752 | D:6      | 6752 ||| FLEEEEING.
  6758 | D:6      | Reached skill level 6 in Armour
  6766 | D:6      | 6766 ||| Stepping ~*~*~tactically~*~*~ (stealth).
  6840 | D:6      | 6840 ||| Stepping ~*~*~tactically~*~*~ (stealth).
  6841 | D:6      | 6841 ||| Stepping ~*~*~tactically~*~*~ (stealth).
  7041 | D:6      | Found the +2 ratskin cloak {*Rats rPois rN+ Str-1 Int-1
                  | Dex+1}
  7143 | D:6      | 7143 ||| UPGRADING to +2 ratskin cloak {*Rats rPois rN+
                  | Str-1 Int-1 Dex+1}.
  7325 | D:7      | 7325 ||| INVOKING Berserk.
  7441 | D:7      | 7441 ||| DROPPING +0 flail.
  7444 | D:7      | 7444 ||| READING scroll of enchant weapon.
  7444 | D:7      | 7444 ||| ENCHANTING +2 hand axe of electrocution.
  7485 | D:7      | Found a staircase to the Ecumenical Temple.
  7490 | D:7      | 7490 ||| Stepping ~*~*~tactically~*~*~ (stealth).
  7491 | D:7      | 7491 ||| Stepping ~*~*~tactically~*~*~ (stealth).
  7493 | D:7      | 7493 ||| Stepping ~*~*~tactically~*~*~ (stealth).
  7494 | D:7      | 7494 ||| Stepping ~*~*~tactically~*~*~ (stealth).
  7501 | D:7      | 7501 ||| Stepping ~*~*~tactically~*~*~ (hiding).
  7502 | D:7      | 7502 ||| FLEEEEING.
  7503 | D:7      | 7503 ||| FLEEEEING.
  7504 | D:7      | 7504 ||| FLEEEEING.
  7506 | D:7      | 7506 ||| FLEEEEING.
  7507 | D:7      | 7507 ||| FLEEEEING.
  7508 | D:7      | 7508 ||| FLEEEEING.
  7509 | D:7      | 7509 ||| FLEEEEING.
  7510 | D:7      | 7510 ||| FLEEEEING.
  7511 | D:7      | 7511 ||| FLEEEEING.
  7512 | D:7      | 7512 ||| FLEEEEING.
  7513 | D:7      | 7513 ||| FLEEEEING.
  7514 | D:7      | 7514 ||| FLEEEEING.
  7515 | D:7      | 7515 ||| FLEEEEING.
  7516 | D:7      | 7516 ||| FLEEEEING.
  7517 | D:7      | 7517 ||| FLEEEEING.
  7518 | D:7      | 7518 ||| FLEEEEING.
  7519 | D:7      | 7519 ||| FLEEEEING.
  7520 | D:7      | 7520 ||| FLEEEEING.
  7521 | D:7      | 7521 ||| FLEEEEING.
  7522 | D:7      | 7522 ||| FLEEEEING.
  7527 | D:7      | 7527 ||| FLEEEEING.
  7527 | D:7      | Noticed a hornet
  7528 | D:7      | 7528 ||| Stepping ~*~*~tactically~*~*~ (stealth).
  7529 | D:7      | 7529 ||| FLEEEEING.
  7532 | D:7      | 7532 ||| INVOKING Berserk.
  7536 | D:7      | Killed a hornet
  7603 | D:7      | 7603 ||| Stepping ~*~*~tactically~*~*~ (stealth).
  7608 | D:7      | 7608 ||| Stepping ~*~*~tactically~*~*~ (stealth).
  7612 | D:7      | Reached skill level 10 in Axes
  7700 | D:7      | 7700 ||| Stepping ~*~*~tactically~*~*~ (hiding).
  7706 | D:7      | 7706 ||| INVOKING Berserk.
  7751 | D:7      | 7751 ||| INVOKING Berserk.
  8045 | D:7      | 8045 ||| Stepping ~*~*~tactically~*~*~ (stealth).
  8047 | D:7      | 8047 ||| INVOKING Berserk.
  8264 | D:7      | Reached XP level 10. HP: 64/64 MP: 10/10
  8320 | D:7      | 8320 ||| READING 2 scrolls labelled CULEMY DAZESHRIM.
  8321 | D:7      | 8321 ||| DRINKING 2 blue potions.
  8322 | D:7      | 8322 ||| READING 2 scrolls of identify.
  8322 | D:7      | 8322 ||| IDENTIFYING puce potion
  8323 | D:7      | 8323 ||| DROPPING potion of attraction.
  8324 | D:7      | 8324 ||| DROPPING scroll of amnesia.
  8325 | D:7      | 8325 ||| DROPPING potion of flight.
  8360 | D:8      | Noticed a centaur warrior
  8361 | D:8      | 8361 ||| Stepping ~*~*~tactically~*~*~ (hiding).
  8365 | D:8      | 8365 ||| INVOKING Berserk.
  8368 | D:8      | Killed a centaur warrior
  8719 | D:8      | 8719 ||| INVOKING Berserk.
  9108 | D:8      | Found a shimmering altar of Xom.
  9110 | D:8      | 9110 ||| Stepping ~*~*~tactically~*~*~ (stealth).
  9112 | D:8      | 9112 ||| Stepping ~*~*~tactically~*~*~ (hiding).
  9114 | D:8      | 9114 ||| Stepping ~*~*~tactically~*~*~ (hiding).
  9143 | D:8      | Reached skill level 11 in Axes
  9516 | D:8      | Identified the +7 war axe of Loav {protect, *Noise rElec
                  | Dex+2}
  9518 | D:8      | 9518 ||| SWAPPING to +7 war axe of Loav {protect, *Noise
                  | rElec Dex+2}.
  9519 | D:8      | 9519 ||| DROPPING +3 hand axe of electrocution.
  9818 | D:8      | 9818 ||| DROPPING +6 ring of intelligence.
  9819 | D:8      | 9819 ||| READING scroll labelled UPEHUST IPECH.
  9820 | D:8      | 9820 ||| READING scroll labelled VEONODOIXU.
  9821 | D:8      | 9821 ||| READING 3 scrolls of identify.
  9821 | D:8      | 9821 ||| IDENTIFYING brown potion
  9839 | D:9      | 9839 ||| STAIRDANCE
  9849 | D:9      | 9849 ||| STAIRDANCE
  9865 | D:9      | 9865 ||| STAIRDANCE
  9885 | D:8      | 9885 ||| DROPPING +0 flail of protection.
  9902 | D:9      | 9902 ||| Stepping ~*~*~tactically~*~*~ (hiding).
  9903 | D:9      | 9903 ||| Stepping ~*~*~tactically~*~*~ (hiding).
  9913 | D:9      | 9913 ||| Stepping ~*~*~tactically~*~*~ (cloud).
  9920 | D:9      | 9920 ||| INVOKING Berserk.
  9929 | D:9      | 9929 ||| FLEEEEING.
  9930 | D:9      | 9930 ||| FLEEEEING.
  9931 | D:9      | 9931 ||| STAIRDANCE
 10051 | D:8      | 10051 ||| READING 2 scrolls of identify.
 10051 | D:8      | 10051 ||| IDENTIFYING green potion
 10052 | D:8      | 10052 ||| DROPPING potion of magic.
 10054 | D:9      | Noticed a two-headed ogre
 10055 | D:9      | 10055 ||| STAIRDANCE
 10057 | D:8      | 10057 ||| INVOKING Berserk.
 10062 | D:8      | Killed a two-headed ogre
 10063 | D:8      | Reached skill level 9 in Fighting
 10247 | D:9      | 10247 ||| STAIRDANCE
 10252 | D:8      | Reached XP level 11. HP: 71/72 MP: 11/11
 10263 | D:9      | 10263 ||| STAIRDANCE
 10332 | D:9      | 10332 ||| Stepping ~*~*~tactically~*~*~ (hiding).
 10334 | D:9      | 10334 ||| Stepping ~*~*~tactically~*~*~ (hiding).
 10365 | D:9      | 10365 ||| Stepping ~*~*~tactically~*~*~ (stealth).
 10459 | D:9      | Reached skill level 12 in Axes
 10736 | D:10     | Entered Level 10 of the Dungeon
 10739 | D:10     | 10739 ||| STAIRDANCE
 10744 | D:10     | 10744 ||| STAIRDANCE
 10927 | D:10     | 10927 ||| READING scroll of enchant armour.
 10927 | D:10     | 10927 ||| ENCHANTING +0 helmet.
 11055 | D:10     | Found a staircase to the Lair.
 11068 | D:10     | 11068 ||| INVOKING Berserk.
 11590 | D:10     | 11590 ||| PLANNING LAIR
 11590 | D:10     | 11590 ||| READING 2 scrolls of identify.
 11590 | D:10     | 11590 ||| IDENTIFYING glowing silvery potion
 11646 | Lair:1   | Entered Level 1 of the Lair of Beasts
 11711 | Lair:1   | 11711 ||| Stepping ~*~*~tactically~*~*~ (hiding).
 11722 | Lair:1   | 11722 ||| Stepping ~*~*~tactically~*~*~ (stealth).
 11837 | Lair:1   | 11837 ||| INVOKING Berserk.
 11841 | Lair:1   | Reached skill level 9 in Armour
 11958 | Lair:1   | 11958 ||| INVOKING Berserk.
 12010 | Lair:1   | 12010 ||| Stepping ~*~*~tactically~*~*~ (stealth).
 12012 | Lair:1   | 12012 ||| Stepping ~*~*~tactically~*~*~ (stealth).
 12013 | Lair:1   | 12013 ||| Stepping ~*~*~tactically~*~*~ (stealth).
 12017 | Lair:1   | 12017 ||| INVOKING Berserk.
 12188 | Lair:1   | Found a dark tunnel.
 12205 | Lair:1   | 12205 ||| INVOKING Berserk.
 12453 | Lair:1   | Noticed an eight-headed hydra
 12454 | Lair:1   | 12454 ||| INVOKING Brothers in Arms.
 12455 | Lair:1   | 12455 ||| SWAPPING to +0 morningstar.
 12456 | Lair:1   | 12456 ||| INVOKING Berserk.
 12459 | Lair:1   | Killed an eight-headed hydra
 12568 | Lair:1   | 12568 ||| SWAPPING to +7 war axe of Loav {protect, *Noise
                  | rElec Dex+2}.
 12578 | Lair:1   | 12578 ||| Stepping ~*~*~tactically~*~*~ (stealth).
 12580 | Lair:1   | 12580 ||| Stepping ~*~*~tactically~*~*~ (stealth).
 12603 | Lair:1   | 12603 ||| Stepping ~*~*~tactically~*~*~ (stealth).
 12613 | Lair:1   | 12613 ||| Stepping ~*~*~tactically~*~*~ (stealth).
 12616 | Lair:1   | 12616 ||| Stepping ~*~*~tactically~*~*~ (stealth).
 12624 | Lair:1   | 12624 ||| Stepping ~*~*~tactically~*~*~ (stealth).
 12627 | Lair:1   | 12627 ||| Stepping ~*~*~tactically~*~*~ (stealth).
 12631 | Lair:1   | 12631 ||| Stepping ~*~*~tactically~*~*~ (stealth).
 12633 | Lair:1   | 12633 ||| Stepping ~*~*~tactically~*~*~ (stealth).
 12645 | Lair:1   | 12645 ||| Stepping ~*~*~tactically~*~*~ (stealth).
 12660 | Lair:1   | 12660 ||| Stepping ~*~*~tactically~*~*~ (stealth).
 12661 | Lair:1   | 12661 ||| Stepping ~*~*~tactically~*~*~ (stealth).
 12785 | Lair:1   | 12785 ||| Stepping ~*~*~tactically~*~*~ (stealth).
 12786 | Lair:1   | 12786 ||| Stepping ~*~*~tactically~*~*~ (stealth).
 13182 | Lair:1   | 13182 ||| DROPPING ring of ice.
 13183 | Lair:1   | 13183 ||| UPGRADING to +4 ring of protection.
 13184 | Lair:1   | 13184 ||| READING scroll labelled GIGADE ONAICLE.
 13185 | Lair:1   | 13185 ||| READING scroll labelled ACOTUFFAUCS.
 13363 | Lair:2   | 13363 ||| INVOKING Berserk.
 13370 | Lair:2   | Reached skill level 13 in Axes
 13382 | Lair:2   | 13382 ||| Stepping ~*~*~tactically~*~*~ (hiding).
 13580 | Lair:2   | 13580 ||| INVOKING Berserk.
 13585 | Lair:2   | Reached XP level 12. HP: 77/77 MP: 12/12
 13740 | Lair:2   | 13740 ||| Stepping ~*~*~tactically~*~*~ (water).
 13927 | Lair:2   | 13927 ||| Stepping ~*~*~tactically~*~*~ (stealth).
 13931 | Lair:2   | Reached skill level 14 in Axes
 14170 | Lair:2   | Found a staircase to the Shoals.
 14321 | Lair:2   | Noticed Fannar
 14333 | Lair:2   | Killed Fannar
 14336 | Lair:2   | Identified the +9 shortbow of Yjac {speed, Str+2}
 14663 | Lair:2   | 14663 ||| READING scroll labelled CIONUXTUMAL.
 14759 | Lair:3   | 14759 ||| STAIRDANCE
 14765 | Lair:3   | Noticed a six-headed hydra
 14766 | Lair:3   | 14766 ||| STAIRDANCE
 14896 | Lair:3   | 14896 ||| INVOKING Berserk.
 14910 | Lair:3   | 14910 ||| STAIRDANCE
 15014 | Lair:3   | 15014 ||| INVOKING Brothers in Arms.
 15016 | Lair:3   | 15016 ||| SWAPPING to +0 morningstar.
 15017 | Lair:3   | 15017 ||| INVOKING Berserk.
 15019 | Lair:3   | Killed a six-headed hydra
 15028 | Lair:3   | 15028 ||| SWAPPING to +7 war axe of Loav {protect, *Noise
                  | rElec Dex+2}.
 15150 | Lair:3   | 15150 ||| Stepping ~*~*~tactically~*~*~ (stealth).
 15152 | Lair:3   | 15152 ||| INVOKING Berserk.
 15156 | Lair:3   | Reached skill level 3 in Dodging
 15201 | Lair:3   | Noticed a six-headed hydra
 15202 | Lair:3   | 15202 ||| Stepping ~*~*~tactically~*~*~ (stealth).
 15203 | Lair:3   | 15203 ||| Stepping ~*~*~tactically~*~*~ (stealth).
 15431 | Lair:3   | 15431 ||| Stepping ~*~*~tactically~*~*~ (stealth).
 15433 | Lair:3   | 15433 ||| Stepping ~*~*~tactically~*~*~ (stealth).
 15435 | Lair:3   | 15435 ||| Stepping ~*~*~tactically~*~*~ (stealth).
 15438 | Lair:3   | 15438 ||| INVOKING Berserk.
 15552 | Lair:3   | 15552 ||| Stepping ~*~*~tactically~*~*~ (hiding).
 15653 | Lair:3   | 15653 ||| Stepping ~*~*~tactically~*~*~ (stealth).
 15657 | Lair:3   | Found a staircase to the Snake Pit.
 15666 | Lair:3   | 15666 ||| INVOKING Brothers in Arms.
 15669 | Lair:3   | 15669 ||| INVOKING Brothers in Arms.
 15670 | Lair:3   | 15670 ||| SWAPPING to +0 morningstar.
 15671 | Lair:3   | 15671 ||| INVOKING Berserk.
 15675 | Lair:3   | Killed a six-headed hydra
 15681 | Lair:3   | 15681 ||| SWAPPING to +7 war axe of Loav {protect, *Noise
                  | rElec Dex+2}.
 15818 | Lair:3   | Reached skill level 15 in Axes
 16057 | Lair:3   | 16057 ||| INVOKING Berserk.
 16073 | Lair:3   | Reached XP level 13. HP: 84/84 MP: 13/13
 16118 | Lair:3   | 16118 ||| Stepping ~*~*~tactically~*~*~ (stealth).
 16120 | Lair:3   | 16120 ||| Stepping ~*~*~tactically~*~*~ (stealth).
 16391 | Lair:3   | 16391 ||| UPGRADING to +0 pair of boots.
 16412 | Lair:4   | 16412 ||| STAIRDANCE
 16414 | Lair:3   | 16414 ||| INVOKING Berserk.
 16487 | Lair:4   | 16487 ||| INVOKING Berserk.
 16493 | Lair:4   | Reached skill level 3 in Throwing
 16497 | Lair:4   | 16497 ||| STAIRDANCE
 16700 | Lair:4   | Found a frozen archway.
 16705 | Lair:4   | 16705 ||| INVOKING Berserk.
 16932 | Lair:4   | Found a runed translucent door.
 17049 | Lair:4   | 17049 ||| Stepping ~*~*~tactically~*~*~ (stealth).
 17156 | Lair:4   | 17156 ||| Stepping ~*~*~tactically~*~*~ (stealth).
 17157 | Lair:4   | 17157 ||| Stepping ~*~*~tactically~*~*~ (stealth).
 17254 | Lair:4   | Identified the +3 long sword of Uskayaw's Castigation
                  | {flame, rPois rC+++ Dex+2}
 17521 | Lair:4   | Found a staircase to the Slime Pits.
 17590 | Lair:4   | 17590 ||| Stepping ~*~*~tactically~*~*~ (stealth).
 17594 | Lair:4   | 17594 ||| INVOKING Berserk.
 17651 | Lair:4   | 17651 ||| DROPPING ring of positive energy.
 17663 | Lair:5   | Entered Level 5 of the Lair of Beasts
 17663 | Lair:5   | Found a gate leading to a gauntlet.
 17664 | Lair:5   | 17664 ||| PLANNING GAUNTLET
 17668 | Lair:5   | 17668 ||| INVOKING Berserk.
 17712 | Lair:5   | 17712 ||| FLEEEEING.
 17713 | Lair:5   | 17713 ||| FLEEEEING.
 17714 | Lair:5   | 17714 ||| FLEEEEING.
 17715 | Lair:5   | 17715 ||| STAIRDANCE
 17910 | Lair:5   | 17910 ||| INVOKING Berserk.
 17918 | Lair:5   | Reached skill level 12 in Fighting
 17923 | Lair:5   | 17923 ||| STAIRDANCE
 18055 | Lair:5   | 18055 ||| Stepping ~*~*~tactically~*~*~ (stealth).
 18056 | Lair:5   | 18056 ||| Stepping ~*~*~tactically~*~*~ (stealth).
 18057 | Lair:5   | 18057 ||| Stepping ~*~*~tactically~*~*~ (stealth).
 18058 | Lair:5   | 18058 ||| Stepping ~*~*~tactically~*~*~ (stealth).
 18063 | Lair:5   | 18063 ||| Stepping ~*~*~tactically~*~*~ (stealth).
 18068 | Lair:5   | 18068 ||| INVOKING Berserk.
 18292 | Lair:5   | 18292 ||| FLEEEEING.
 18293 | Lair:5   | 18293 ||| FLEEEEING.
 18385 | Lair:5   | 18385 ||| Stepping ~*~*~tactically~*~*~ (stealth).
 18388 | Lair:5   | 18388 ||| Stepping ~*~*~tactically~*~*~ (stealth).
 18394 | Lair:5   | 18394 ||| INVOKING Berserk.
 18405 | Lair:5   | Reached skill level 16 in Axes
 18527 | Lair:5   | 18527 ||| RIP GAUNTLET
 18527 | Lair:5   | 18527 ||| PLANNING LAIR
 18730 | Lair:5   | 18730 ||| Stepping ~*~*~tactically~*~*~ (stealth).
 18757 | Lair:5   | 18757 ||| Stepping ~*~*~tactically~*~*~ (stealth).
 18759 | Lair:5   | 18759 ||| Stepping ~*~*~tactically~*~*~ (stealth).
 18761 | Lair:5   | 18761 ||| Stepping ~*~*~tactically~*~*~ (stealth).
 18766 | Lair:5   | 18766 ||| Stepping ~*~*~tactically~*~*~ (stealth).
 18767 | Lair:5   | 18767 ||| Stepping ~*~*~tactically~*~*~ (stealth).
 18770 | Lair:5   | 18770 ||| INVOKING Berserk.
 18920 | Lair:5   | 18920 ||| Stepping ~*~*~tactically~*~*~ (stealth).
 18921 | Lair:5   | 18921 ||| INVOKING Berserk.
 18937 | Lair:5   | 18937 ||| Stepping ~*~*~tactically~*~*~ (stealth).
 18947 | Lair:5   | Reached skill level 12 in Armour
 18947 | Lair:5   | Gained mutation: Your large and strong wings let you fly.
                  | [Gargoyle growth]
 18947 | Lair:5   | Reached XP level 14. HP: 92/92 MP: 14/14
 19024 | Lair:5   | 19024 ||| Stepping ~*~*~tactically~*~*~ (stealth).
 19029 | Lair:5   | 19029 ||| Stepping ~*~*~tactically~*~*~ (stealth).
 19108 | Lair:5   | 19108 ||| Stepping ~*~*~tactically~*~*~ (stealth).
 19110 | Lair:5   | 19110 ||| Stepping ~*~*~tactically~*~*~ (stealth).
 19115 | Lair:5   | 19115 ||| INVOKING Berserk.
 19142 | Lair:5   | 19142 ||| Stepping ~*~*~tactically~*~*~ (stealth).
 19227 | Lair:5   | 19227 ||| Stepping ~*~*~tactically~*~*~ (stealth).
 19263 | Lair:5   | Found the +3 crown of Dyrovepreva {rElec Int+2 SInv}
 19356 | Lair:5   | 19356 ||| INVOKING Berserk.
 19376 | Lair:5   | 19376 ||| Stepping ~*~*~tactically~*~*~ (stealth).
 19377 | Lair:5   | 19377 ||| Stepping ~*~*~tactically~*~*~ (stealth).
 19378 | Lair:5   | 19378 ||| Stepping ~*~*~tactically~*~*~ (stealth).
 19379 | Lair:5   | 19379 ||| Stepping ~*~*~tactically~*~*~ (stealth).
 19380 | Lair:5   | 19380 ||| Stepping ~*~*~tactically~*~*~ (stealth).
 19424 | Lair:5   | Reached ***** piety under Trog
 19494 | Lair:5   | 19494 ||| Stepping ~*~*~tactically~*~*~ (stealth).
 19496 | Lair:5   | 19496 ||| Stepping ~*~*~tactically~*~*~ (stealth).
 19522 | Lair:5   | 19522 ||| Stepping ~*~*~tactically~*~*~ (stealth).
 19601 | Lair:5   | 19601 ||| Stepping ~*~*~tactically~*~*~ (stealth).
 19633 | Lair:5   | 19633 ||| Stepping ~*~*~tactically~*~*~ (stealth).
 19637 | Lair:5   | 19637 ||| Stepping ~*~*~tactically~*~*~ (hiding).
 19718 | Lair:5   | 19718 ||| INVOKING Berserk.
 19751 | Lair:5   | 19751 ||| Stepping ~*~*~tactically~*~*~ (stealth).
 19755 | Lair:5   | 19755 ||| FLEEEEING.
 19756 | Lair:5   | 19756 ||| FLEEEEING.
 19757 | Lair:5   | 19757 ||| FLEEEEING.
 19758 | Lair:5   | 19758 ||| FLEEEEING.
 19759 | Lair:5   | 19759 ||| FLEEEEING.
 19760 | Lair:5   | 19760 ||| FLEEEEING.
 19761 | Lair:5   | 19761 ||| FLEEEEING.
 19771 | Lair:5   | 19771 ||| FLEEEEING.
 19772 | Lair:5   | 19772 ||| FLEEEEING.
 19773 | Lair:5   | 19773 ||| FLEEEEING.
 19933 | Lair:5   | Found a corrupted altar of Lugonu.
 19933 | Lair:5   | Found a one-way gate to the infinite horrors of the Abyss.
 20091 | Lair:5   | 20091 ||| Stepping ~*~*~tactically~*~*~ (stealth).
 20299 | Lair:5   | 20299 ||| PLANNING D:1-11
 20299 | Lair:5   | 20299 ||| UPGRADING to +1 pair of boots.
 20309 | Lair:5   | 20309 ||| DROPPING +0 pair of boots.
 20376 | D:11     | 20376 ||| STAIRDANCE
 20386 | D:11     | 20386 ||| STAIRDANCE
 20508 | D:11     | 20508 ||| Stepping ~*~*~tactically~*~*~ (stealth).
 20516 | D:11     | Reached skill level 6 in Throwing
 20568 | D:11     | 20568 ||| FLEEEEING.
 20846 | D:11     | 20846 ||| INVOKING Brothers in Arms.
 20848 | D:11     | 20848 ||| SWAPPING to +0 morningstar.
 20849 | D:11     | 20849 ||| INVOKING Berserk.
 20856 | D:11     | 20856 ||| SWAPPING to +7 war axe of Loav {protect, *Noise
                  | rElec Dex+2}.
 20973 | D:11     | 20973 ||| FLEEEEING.
 20974 | D:11     | 20974 ||| FLEEEEING.
 20975 | D:11     | 20975 ||| FLEEEEING.
 20976 | D:11     | 20976 ||| FLEEEEING.
 20983 | D:11     | 20983 ||| Stepping ~*~*~tactically~*~*~ (stealth).
 20984 | D:11     | 20984 ||| Stepping ~*~*~tactically~*~*~ (stealth).
 20986 | D:11     | 20986 ||| Stepping ~*~*~tactically~*~*~ (stealth).
 20989 | D:11     | 20989 ||| Stepping ~*~*~tactically~*~*~ (stealth).
 21164 | D:11     | 21164 ||| Stepping ~*~*~tactically~*~*~ (stealth).
 21166 | D:11     | 21166 ||| Stepping ~*~*~tactically~*~*~ (stealth).
 21167 | D:11     | 21167 ||| Stepping ~*~*~tactically~*~*~ (stealth).
 21255 | D:11     | 21255 ||| INVOKING Brothers in Arms.
 21257 | D:11     | 21257 ||| INVOKING Berserk.
 21431 | D:11     | 21431 ||| INVOKING Brothers in Arms.
 21433 | D:11     | 21433 ||| SWAPPING to +0 morningstar.
 21434 | D:11     | 21434 ||| INVOKING Berserk.
 21441 | D:11     | 21441 ||| SWAPPING to +7 war axe of Loav {protect, *Noise
                  | rElec Dex+2}.
 21632 | D:11     | 21632 ||| PLANNING D
 21632 | D:11     | 21632 ||| DROPPING +1 cloak.
 21633 | D:11     | 21633 ||| READING scroll labelled MURIS UXYALO.
 21829 | D:12     | 21829 ||| Stepping ~*~*~tactically~*~*~ (hiding).
 21832 | D:12     | 21832 ||| Stepping ~*~*~tactically~*~*~ (hiding).
 21939 | D:12     | 21939 ||| INVOKING Berserk.
 22228 | D:12     | Noticed Gastronok
 22251 | D:12     | Killed Gastronok
 22337 | D:12     | 22337 ||| Stepping ~*~*~tactically~*~*~ (stealth).
 22358 | D:12     | 22358 ||| FLEEEEING.
 22359 | D:12     | 22359 ||| FLEEEEING.
 22360 | D:12     | 22360 ||| FLEEEEING.
 22361 | D:12     | 22361 ||| FLEEEEING.
 22362 | D:12     | 22362 ||| FLEEEEING.
 22363 | D:12     | 22363 ||| FLEEEEING.
 22364 | D:12     | 22364 ||| FLEEEEING.
 22365 | D:12     | 22365 ||| FLEEEEING.
 22366 | D:12     | 22366 ||| FLEEEEING.
 22367 | D:12     | 22367 ||| FLEEEEING.
 22368 | D:12     | 22368 ||| FLEEEEING.
 22369 | D:12     | 22369 ||| FLEEEEING.
 22370 | D:12     | 22370 ||| FLEEEEING.
 22371 | D:12     | 22371 ||| FLEEEEING.
 22372 | D:12     | 22372 ||| FLEEEEING.
 22373 | D:12     | 22373 ||| FLEEEEING.
 22374 | D:12     | 22374 ||| FLEEEEING.
 22375 | D:12     | 22375 ||| FLEEEEING.
 22376 | D:12     | 22376 ||| FLEEEEING.
 22377 | D:12     | 22377 ||| FLEEEEING.
 22378 | D:12     | 22378 ||| FLEEEEING.
 22379 | D:12     | 22379 ||| FLEEEEING.
 22381 | D:12     | 22381 ||| FLEEEEING.
 22382 | D:12     | 22382 ||| STAIRDANCE
 22449 | D:11     | 22449 ||| UPGRADING to +0 buckler.
 22532 | D:12     | Reached skill level 1 in Shields
 22560 | D:12     | 22560 ||| Stepping ~*~*~tactically~*~*~ (hiding).
 22562 | D:12     | 22562 ||| Stepping ~*~*~tactically~*~*~ (hiding).
 22901 | D:12     | 22901 ||| INVOKING Brothers in Arms.
 22903 | D:12     | 22903 ||| SWAPPING to +0 morningstar.
 22905 | D:12     | 22905 ||| INVOKING Berserk.
 22921 | D:12     | 22921 ||| SWAPPING to +7 war axe of Loav {protect, *Noise
                  | rElec Dex+2}.
 23058 | D:12     | Found a staircase to the Orcish Mines.
 23235 | D:13     | Reached skill level 3 in Shields
 23256 | D:13     | 23256 ||| Stepping ~*~*~tactically~*~*~ (hiding).
 23378 | D:13     | 23378 ||| INVOKING Berserk.
 23663 | D:13     | 23663 ||| Stepping ~*~*~tactically~*~*~ (stealth).
 23956 | D:13     | Reached XP level 15. HP: 98/100 MP: 15/15
 23983 | D:13     | 23983 ||| SWAPPING to +0 morningstar.
 23984 | D:13     | 23984 ||| INVOKING Berserk.
 24056 | D:13     | 24056 ||| SWAPPING to +7 war axe of Loav {protect, *Noise
                  | rElec Dex+2}.
 24104 | D:13     | Reached skill level 6 in Shields
 24244 | D:13     | 24244 ||| INVOKING Berserk.
 24299 | D:13     | 24299 ||| FLEEEEING.
 24300 | D:13     | 24300 ||| FLEEEEING.
 24301 | D:13     | 24301 ||| FLEEEEING.
 24302 | D:13     | 24302 ||| FLEEEEING.
 24303 | D:13     | 24303 ||| FLEEEEING.
 24304 | D:13     | 24304 ||| FLEEEEING.
 24305 | D:13     | 24305 ||| FLEEEEING.
 24325 | D:13     | 24325 ||| Stepping ~*~*~tactically~*~*~ (stealth).
 24326 | D:13     | 24326 ||| Stepping ~*~*~tactically~*~*~ (stealth).
 24328 | D:13     | 24328 ||| Stepping ~*~*~tactically~*~*~ (hiding).
 24553 | D:13     | Noticed Maurice
 24566 | D:13     | Killed Maurice
 24712 | D:13     | 24712 ||| DROPPING ring of willpower.
 24752 | D:14     | 24752 ||| Stepping ~*~*~tactically~*~*~ (stealth).
 24754 | D:14     | 24754 ||| Stepping ~*~*~tactically~*~*~ (hiding).
 24758 | D:14     | 24758 ||| INVOKING Berserk.
 24860 | D:14     | 24860 ||| INVOKING Berserk.
 25034 | D:14     | 25034 ||| INVOKING Berserk.
 25044 | D:14     | HP: 29/150 [centaur warrior/arrow (16)]
 25049 | D:14     | 25049 ||| READING 9 scrolls of teleportation.
 25049 | D:14     | HP: 6/100 [two-headed ogre/+0 giant spiked club (8)]
 25050 | D:14     | 25050 ||| DRINKING potion of heal wounds.
 25242 | D:14     | 25242 ||| Stepping ~*~*~tactically~*~*~ (stealth).
 25244 | D:14     | 25244 ||| Stepping ~*~*~tactically~*~*~ (stealth).
 25324 | D:14     | Identified the +1 ring mail of the First Xeniums {rElec
                  | rCorr Int+2}
 25377 | D:14     | 25377 ||| Stepping ~*~*~tactically~*~*~ (stealth).
 25378 | D:14     | 25378 ||| Stepping ~*~*~tactically~*~*~ (stealth).
 25402 | D:14     | 25402 ||| READING scroll of enchant armour.
 25402 | D:14     | 25402 ||| ENCHANTING +1 helmet.
 25407 | D:14     | 25407 ||| Stepping ~*~*~tactically~*~*~ (hiding).
 25428 | D:14     | Reached skill level 9 in Shields
 25450 | D:14     | 25450 ||| Stepping ~*~*~tactically~*~*~ (hiding).
 25578 | D:14     | 25578 ||| Stepping ~*~*~tactically~*~*~ (stealth).
 25585 | D:14     | 25585 ||| INVOKING Trog's Hand.
 25591 | D:14     | 25591 ||| INVOKING Berserk.
 25606 | D:14     | 25606 ||| Stepping ~*~*~tactically~*~*~ (hiding).
 25609 | D:14     | 25609 ||| Stepping ~*~*~tactically~*~*~ (hiding).
 25611 | D:14     | 25611 ||| Stepping ~*~*~tactically~*~*~ (hiding).
 25941 | D:14     | 25941 ||| Stepping ~*~*~tactically~*~*~ (stealth).
 25947 | D:14     | 25947 ||| INVOKING Berserk.
 26125 | D:14     | Found a gate to the Vaults.
 26472 | D:14     | 26472 ||| DROPPING orb of energy.
 26510 | D:15     | Entered Level 15 of the Dungeon
 26556 | D:15     | 26556 ||| FLEEEEING.
 26557 | D:15     | 26557 ||| FLEEEEING.
 26558 | D:15     | 26558 ||| FLEEEEING.
 26559 | D:15     | 26559 ||| FLEEEEING.
 26560 | D:15     | 26560 ||| FLEEEEING.
 26561 | D:15     | 26561 ||| FLEEEEING.
 26571 | D:15     | 26571 ||| FLEEEEING.
 26572 | D:15     | 26572 ||| FLEEEEING.
 26573 | D:15     | 26573 ||| FLEEEEING.
 26574 | D:15     | 26574 ||| STAIRDANCE
 26631 | D:15     | 26631 ||| Stepping ~*~*~tactically~*~*~ (hiding).
 26632 | D:15     | 26632 ||| Stepping ~*~*~tactically~*~*~ (hiding).
 26680 | D:15     | Found a sparkling altar of Nemelex Xobeh.
 26723 | D:15     | Found Rigagid's Book Shop.
 26776 | D:15     | 26776 ||| SWAPPING to +0 morningstar.
 26777 | D:15     | 26777 ||| INVOKING Berserk.
 26851 | D:15     | 26851 ||| SWAPPING to +7 war axe of Loav {protect, *Noise
                  | rElec Dex+2}.
 27000 | D:15     | Found a staircase to the Depths.
 27007 | D:15     | 27007 ||| INVOKING Berserk.
 27080 | D:15     | Found Neaho's General Store.
 27089 | D:15     | 27089 ||| BUYING +0 pair of gloves (72 gold).
 27089 | D:15     | Bought a +0 pair of gloves for 72 gold pieces
 27089 | D:15     | 27089 ||| BUYING +4 ring of protection (576 gold).
 27089 | D:15     | Bought a +4 ring of protection for 576 gold pieces
 27094 | D:15     | Identified the amulet of Waera {RegenMP rPois rC++ Dex-3}
 27122 | D:15     | Identified the +1 robe of Oruen {rPois rN++ Will- Int+3}
 27335 | D:15     | 27335 ||| FLEEEEING.
 27336 | D:15     | 27336 ||| FLEEEEING.
 27349 | D:15     | 27349 ||| FLEEEEING.
 27364 | D:15     | 27364 ||| FLEEEEING.
 27739 | D:15     | Found Ymug's Armour Shoppe.
 27747 | D:15     | 27747 ||| BUYING +3 chain mail of fire resistance (371
                  | gold).
 27747 | D:15     | Bought a +3 chain mail of fire resistance for 371 gold
                  | pieces
 27749 | D:15     | 27749 ||| PLANNING ORC
 27749 | D:15     | 27749 ||| UPGRADING to +0 pair of gloves.
 27754 | D:15     | 27754 ||| UPGRADING to +3 chain mail of fire resistance.
 27764 | D:15     | 27764 ||| DROPPING amulet of Waera {RegenMP rPois rC++
                  | Dex-3}.
 27765 | D:15     | 27765 ||| DROPPING +6 ring of strength.
 27864 | Orc:1    | Entered Level 1 of the Orcish Mines
 27901 | Orc:1    | 27901 ||| INVOKING Trog's Hand.
 27905 | Orc:1    | 27905 ||| INVOKING Berserk.
 27912 | Orc:1    | Reached skill level 15 in Fighting
 27927 | Orc:1    | 27927 ||| INVOKING Trog's Hand.
 27938 | Orc:1    | HP: 24/103 [ettin/+0 dire flail (21)]
 27939 | Orc:1    | 27939 ||| READING 12 scrolls of teleportation.
 28171 | Orc:1    | 28171 ||| Stepping ~*~*~tactically~*~*~ (stealth).
 28184 | Orc:1    | 28184 ||| INVOKING Berserk.
 28282 | Orc:1    | 28282 ||| DROPPING +0 morningstar.
 28474 | Orc:1    | Noticed an orc warlord
 28481 | Orc:1    | 28481 ||| INVOKING Berserk.
 28498 | Orc:1    | Killed an orc warlord
 28728 | Orc:1    | 28728 ||| UPGRADING to +2 plate armour of cold resistance.
 28738 | Orc:1    | 28738 ||| DROPPING +0 plate armour.
 28739 | Orc:1    | 28739 ||| UPGRADING to +0 kite shield.
 28749 | Orc:1    | 28749 ||| DROPPING +0 buckler.
 28756 | Orc:2    | Entered Level 2 of the Orcish Mines
 28780 | Orc:2    | 28780 ||| INVOKING Berserk.
 28780 | Orc:2    | Noticed an orc warlord
 28793 | Orc:2    | HP: 36/154 [orc priest/divine providence (11)]
 28800 | Orc:2    | HP: 21/103 [gnoll/+0 halberd[a gnoll bouda] (4)]
 28801 | Orc:2    | 28801 ||| READING 11 scrolls of teleportation.
 28803 | Orc:2    | Slain by an orc warrior

Levels and vault maps discovered:
D:1:      dpeg_arrival_long_road, layout_loops_ring,
          ebering_ecumenical_altar_rust
D:2:      minmay_evil_eye, layout_basic, minmay_fountain_box
D:3:      layout_loops_cross, serial_shops, nicolae_shop_stone,
          minmay_close_crescents, uniq_crazy_yiuf_cottage, uniq_grinder,
          uniq_robin
D:4:      layout_cave_pools
D:5:      layout_rooms, minivault_27, minmay_puff
D:6:      wander_guarded_unrand_ratskin, layout_loops_cross,
          gammafunk_ghost_split, gup_sewer_entry_pipe, st_stairs_7,
          minmay_misc_feat_chi, uniq_sigmund
D:7:      layout_basic, minmay_temple_entry_tees
D:8:      layout_layer_cave, lemuel_round_altar, minmay_misc_feat_x,
          minmay_fractal_squares_5
D:9:      layout_cave_pools
D:10:     layout_irregular_city, david_lair_shrubbed, serial_bayou_pond_d
D:11:     layout_gridville
D:12:     layout_stronghold, david_orc_4, uniq_gastronok
D:13:     wad_woods_structure_01, layout_irregular_city, uniq_maurice
D:14:     layout_basic, david_vaults_1, serial_park_paths
          [serial_park_minivault_5x5_3]
D:15:     grunt_enter_depths_giant_problem, layout_cave_pods, serial_shops,
          nicolae_inconvenience_store, shop, nicolae_shop_crystal,
          nemelex_diamond_rough_becter, serial_column_ruins,
          column_ruins_hut_pillars, column_ruins_open_tiny,
          column_ruins_open_small, column_ruins_corridor_straight,
          column_ruins_corridor_T, column_ruins_grid_1, nrook_uturn
Lair:1:   lemuel_ratsnest, layout_gridlike, nicolae_volcano_entry_lava_flow,
          grunt_megastairs_3
Lair:2:   layout_small_grid, elwin_shoals_entry_rooms, minivault_11,
          beast_lair_carwin_8, uniq_fannar
Lair:3:   layout_regular_city, minmay_snake_entry_guardpost_small,
          patterned_corridor, infiniplex_staircase_pool, serial_bayou_shore_a,
          grunt_megastairs_1, lemuel_fruit_tree
Lair:4:   layout_roguey, slime_entry_2, portal_ice_cave_entry_imps
Lair:5:   hellmonk_lair_end_abyssal_woods, layout_misc_corridors,
          gauntlet_entry_generic, serial_forest, infiniplex_forest_end_1,
          infiniplex_forest_lined_room_, infiniplex_forest_lined_1,
          infiniplex_forest_end_2, infiniplex_forest_lined_corner,
          infiniplex_forest_straight_4, infiniplex_forest_clump_diagonal,
          columned_hall_lemuel
Orc:1:    layout_caves
Orc:2:    st_orc_congregation, layout_caves

Skill      XL: |  1  2  3  4  5  6  7  8  9 10 11 12 13 14 15 |
---------------+----------------------------------------------+-----
Axes           | 3 4 5 6 7 8 10 11 13 15 16 | 16.0
Fighting       | 5 6 8 9 10 11 12 14 15 | 15.0
Armour         | 3 5 6 8 9 10 12 13 14 | 14.0
Throwing       | 1 2 5 6 |  6.0
Dodging        | 2 3 4 5 |  5.1
Shields        | 5 9 |  9.3

Action                   |  1- 3 |  4- 6 |  7- 9 | 10-12 | 13-15 || total
-------------------------+-------+-------+-------+-------+-------++-------
Melee: Hand axe          |   128 |   104 |   339 |    59 |       ||   630
       Punch             |     1 |     1 |     6 |     6 |    13 ||    27
       Kick              |       |    17 |    82 |   133 |     1 ||   233
       War axe           |       |       |       |   376 |  1070 ||  1446
       Morningstar       |       |       |       |    13 |    19 ||    32
Throw: Boomerang         |     7 |    42 |    66 |    91 |    81 ||   287
       Javelin           |       |       |       |       |   102 ||   102
Invok: Berserk           |     2 |     3 |    10 |    18 |    32 ||    65
       Trog's Hand       |       |     1 |       |       |     3 ||     4
       Brothers in Arms  |       |       |       |     3 |     4 ||     7
  Use: Scroll            |     4 |     6 |     7 |    11 |     5 ||    33
       Potion            |     1 |     3 |     1 |     1 |     1 ||     7
Armor: Animal skin       |    26 |       |       |       |       ||    26
       Ring mail         |    35 |    25 |       |       |       ||    60
       Chain mail        |       |    18 |    41 |       |    37 ||    96
       Plate armour      |       |       |   115 |   321 |   558 ||   994
Dodge: Dodged            |    90 |    52 |    78 |   156 |   283 ||   659
Block: Other             |       |     9 |    41 |    88 |    87 ||   225
       Reflection        |       |     1 |     3 |     1 |    18 ||    23
       Buckler           |       |       |       |       |   203 ||   203
       Kite shield       |       |       |       |       |    71 ||    71

Table legend:
 A = Non-vault XP
 B = Vault XP
 C = Vault XP percentage of total XP
 D = Non-vault monster count
 E = Vault monster count
 F = Vault count percentage of total count
                 A         B        C        D         E       F
            +---------+---------+-------+---------+---------+-------
      Total |   86499 |   35574 |  29.1 |     493 |     217 |  30.6
            +---------+---------+-------+---------+---------+-------
        D:1 |      27 |       0 |   0.0 |      16 |       0 |   0.0
        D:2 |      66 |      17 |  20.5 |      23 |       3 |  11.5
        D:3 |      94 |     308 |  76.6 |       8 |      17 |  68.0
        D:4 |     355 |       0 |   0.0 |      28 |       0 |   0.0
        D:5 |     485 |       0 |   0.0 |      10 |       0 |   0.0
        D:6 |    1361 |     774 |  36.3 |      25 |      32 |  56.1
        D:7 |    1245 |       0 |   0.0 |      21 |       0 |   0.0
        D:8 |    3077 |    1147 |  27.2 |      27 |       6 |  18.2
        D:9 |    2189 |       0 |   0.0 |      26 |       0 |   0.0
       D:10 |     635 |     355 |  35.9 |       4 |       1 |  20.0
       D:11 |    7793 |       0 |   0.0 |      29 |       0 |   0.0
       D:12 |    6185 |    2261 |  26.8 |      28 |      18 |  39.1
       D:13 |    4487 |    6389 |  58.7 |      18 |      11 |  37.9
       D:14 |   10940 |    4250 |  28.0 |      28 |       8 |  22.2
       D:15 |    4632 |    1451 |  23.9 |       9 |       2 |  18.2
     Lair:1 |    2947 |    1204 |  29.0 |       7 |      42 |  85.7
     Lair:2 |    4478 |    4099 |  47.8 |      22 |      10 |  31.2
     Lair:3 |    6400 |    2028 |  24.1 |      23 |       6 |  20.7
     Lair:4 |    5277 |     121 |   2.2 |      23 |      12 |  34.3
     Lair:5 |   16621 |   10709 |  39.2 |      44 |      38 |  46.3
      Orc:1 |    5915 |       0 |   0.0 |      43 |       0 |   0.0
      Orc:2 |    1290 |     461 |  26.3 |      31 |      11 |  26.2
            +---------+---------+-------+---------+---------+-------
